 Dungeon Crawl Stone Soup version 0.27-a0-406-g23f261fbd2 (webtiles) character file.

Game seed: 13416848662423496976

9 Cecillian the Bolt Thrower (level 2, 0/22 HPs)
             Began as a Demonspawn Hunter on Feb 22, 2021.
             Killed from afar by a dart slug (4 damage)
             ... with a slug dart
             ... on level 1 of the Dungeon.
             The game lasted 00:00:40 (471 turns).

Cecillian the Bolt Thrower (Demonspawn Hunter)       Turns: 471, Time: 00:00:41

Health: 0/22       AC:  3    Str: 12    XL:     2   Next: 6%
Magic:  2/2        EV: 11    Int: 12    God:
Gold:   35         SH:  0    Dex: 13    Spells: 1/1 levels left

rFire    . . .     SeeInvis .   a - +1 hand crossbow
rCold    . . .     Faith    .   (no shield)
rNeg     . . .     Spirit   .   c - +0 leather armour
rPois    .         Reflect  .   (no helmet)
rElec    .         Harm     .   (no cloak)
rCorr    .         Rampage  .   (no gloves)
Will     .....                  (no boots)
Stlth    +.........             (no amulet)
HPRegen  0.07/turn              (no ring)
MPRegen  0.08/turn              (no ring)

@: no status effects
A: claws 1
a: no special abilities


You were on level 1 of the Dungeon.
You visited 1 branch of the dungeon, and saw 1 of its levels.

You collected 35 gold pieces.

Inventory:

Hand Weapons
 a - a +1 hand crossbow (weapon)
 b - a +0 short sword
Missiles
 d - 14 bolts (quivered ammo)
Armour
 c - a +0 leather armour (worn)
Scrolls
 e - a scroll of teleportation {unknown}
 g - a scroll of identify {unknown}
Potions
 f - a potion of lignification {unknown}


   Skills:
 - Level 2.0 Fighting
 * Level 4.1 Crossbows
 - Level 1.7 Dodging
 - Level 0.8 Stealth


You had one spell level left.
You didn't know any spells.
Your spell library was empty.

Dungeon Overview and Level Annotations

Branches:
Dungeon (1/15)

Altars:


Innate Abilities, Weirdness & Mutations

You have sharp fingernails.


Message History

The hobgoblin barely misses you.
You have reached level 2!
Your demonic ancestry asserts itself...
Your fingernails lengthen.
Fire: 18 bolts
Press: ? - help, Q - select action Shift-Dir - straight line, f - rat
Aim: a rat (65% to hit)
You shoot a bolt. The bolt hits the rat!
You kill the rat!
The giant cockroach misses you. The hobgoblin closely misses you.
The hobgoblin hits you.
The giant cockroach bites you but does no damage.
The dart slug launches a dart at you. The slug dart hits you.
The hobgoblin hits you.
* * * LOW HITPOINT WARNING * * *
Things that are here:
a +0 club; 3 bolts Fire: 17 bolts
Press: ? - help, Q - select action Shift-Dir - straight line, f - hobgoblin
Aim: a hobgoblin (65% to hit)
You shoot a bolt. The bolt hits the hobgoblin.
The hobgoblin is heavily wounded.
The hobgoblin hits you.
* * * LOW HITPOINT WARNING * * *
Fire: 16 bolts
Press: ? - help, Q - select action Shift-Dir - straight line, f - dart slug, p - hobgoblin
Aim: a dart slug (94% to hit)
You shoot a bolt. The bolt hits the dart slug.
The dart slug is moderately wounded.
The hobgoblin closely misses you.
Fire: 15 bolts
Press: ? - help, Q - select action Shift-Dir - straight line, f/p - dart slug
Aim: a dart slug (moderately wounded, 94% to hit)
You shoot a bolt. The bolt hits the dart slug!
The dart slug is almost dead.
The hobgoblin hits you but does no damage.
The dart slug launches a dart at you. The slug dart hits you.
You die...

......... .......w##
###...# .>...r.$.#
!.#$..# ..........#
....... #..........#
....... ##..........#
....... ##...........#
.......
...#........######B.....)
..###.)......(w.@gg......
..##..........####g......
..##....).....# ...(...
..##..........# .......
..##..........# .......
..##.....)....# ######.
.####..######## ..###..#
#..##..####


You could see a dart slug, a giant cockroach and 3 hobgoblins.

Vanquished Creatures
  A giant cockroach (D:1)
  2 goblins (D:1)
  2 hobgoblins (D:1)
  2 kobolds (D:1)
  2 rats (D:1)
9 creatures vanquished.

Notes
Turn   | Place    | Note
-------+----------+-------------------------------------------
     0 | D:1      | Cecillian the Demonspawn Hunter began the quest for the
                  | Orb.
     0 | D:1      | Reached XP level 1. HP: 16/16 MP: 1/1
   466 | D:1      | Reached skill level 4 in Crossbows
   467 | D:1      | Gained mutation: You have sharp fingernails. [demonic
                  | ancestry]
   467 | D:1      | Reached XP level 2. HP: 15/22 MP: 2/2
   471 | D:1      | Killed from afar by a dart slug

Illustrated notes

Levels and vault maps discovered:
D:1:      psy_arrival_dodecagon, layout_rooms

Skill      XL: |  1 |
---------------+----+-----
Crossbows      | 4 |  4.1
Fighting       | |  2.0
Dodging        | |  1.7
Stealth        | |  0.8

Action                   || total
-------------------------++-------
Melee: Short sword       ||    16
 Fire: Hand crossbow     ||     6
Armor: Leather armour    ||    11
Dodge: Dodged            ||    23

Table legend: (Time is in decaauts)
 A = Elapsed time spent in this place.
 B = Non-inter-level travel time spent in this place.
 C = Inter-level travel time spent in this place.
 D = Time resting spent in this place.
 E = Time spent auto-exploring this place.
 F = Levels seen in this place.
 G = Mean time per level.
                   A        B        C        D        E       F      G
               +--------+--------+--------+--------+--------+-----+--------+
         Total |    473 |    473 |      0 |      0 |    405 |   1 |  473.0 |
       Dungeon |    473 |    473 |      0 |      0 |    405 |   1 |  473.0 |
               +--------+--------+--------+--------+--------+-----+--------+

Top non-repeatable levels by time:
     D:1: 473 daAuts
